AoeStats
← Chagar Snaider

African Clearing

504663887Analyzed
2v2 RM · 26d ago on Sep 6, 2026· 24m 30s· 4 players
Game mode
Random Map
Map size
Medium (4 player)
Population
200
Speed
Normal
Resources
Standard
Victory
Conquest
Starting age
Dark Age
Ending age
Imperial Age
RankedLock teamsTeams togetherTeam positionsShared explorationLock speedFull tech treeHidden civsTurbo modeCheats
Victory
Defeat
🇺🇸 Ethiopians · United States
1411
+17
🇨🇳 Tupi · China
1394
+18
🇦🇷 Huns · Argentina
1456
-18
🇦🇷 Poles · Argentina
1423
-17
买彩票刮出欠条
12:06 Feudal Age
10:45 Loom
12:34 Champi Runner
16:10 Double-Bit Axe
17:06 Scale Mail Armor
23:26 Castle Age
21:57 Horse Collar
22:37 Forging
骑猪射箭
9:52 Loom
12:12 Feudal Age
12:57 Double-Bit Axe
16:08 Fletching
19:08 Horse Collar
20:57 Padded Archer Armor
Chagar Snaider
8:35 Loom
11:55 Feudal Age
12:30 Double-Bit Axe
12:32 Horse Collar
19:28 Scale Barding Armor
21:10 Forging
21:45 Bloodlines
26:13 Castle Age
Chimarin_AoE
8:45 Loom
11:19 Feudal Age
12:05 Double-Bit Axe
23:54 Fletching
Connection lost

Rejoining the realm…

Still unreachable

The connection could not be restored.

Session expired

The server has moved on; the page needs a fresh start.